 Dungeon Crawl Stone Soup version 0.22.1 (webtiles) character file.

606839 IceCat the Hoplite (level 27, 177/177 HPs)
             Began as a Gargoyle Gladiator on Sept 17, 2018.
             Was the Champion of the Shining One.
             Quit the game on level 11 of the Dungeon on Sept 18, 2018.
             The game lasted 04:52:32 (58512 turns).

IceCat the Hoplite (Gargoyle Gladiator)            Turns: 58512, Time: 04:52:33

Health: 177/177    AC: 60    Str: 24    XL:     27
Magic:  39/39      EV: 19    Int: 19    God:    the Shining One [******]
Gold:   5576       SH: 37    Dex: 18    Spells: 33/51 levels left

rFire    + + .     SeeInvis .   S - +9 broad axe (chop)
rCold    + . .     Gourm    .   c - +10 large shield of Ignorance {rN+ Int-4}
rNeg     + + +     Faith    .   z - +12 plate armour "Vuorphonlo" {MR+ Int+3 Dex+3}
rPois    ∞         Spirit   .   d - +2 helmet {Int+3}
rElec    +         Reflect  +   g - scarf {rC+ rF+}
rCorr    .         Harm     .   q - +2 pair of gloves
MR       ++++.                  O - +1 pair of boots {Stlth+}
Stlth    ..........             L - +2 amulet of reflection
HPRegen  0.39/turn              E - ring of Kel Wek {+Inv rF+ MR+ Int+5 Slay+2}
MPRegen  0.26/turn              D - +6 ring of evasion

@: flying, glowing
A: big wings, fangs 2, molten scales 1, negative energy resistance 1, sense
surroundings 1, electricity resistance, unbreathing, petrification resistance,
no potion heal 1, rot immunity, AC +20
}: 3/15 runes: barnacled, silver, gossamer
a: Stop Flying, Divine Shield, Cleansing Flame, Summon Divine Warrior, Renounce
Religion, Evoke Invisibility


You were on level 11 of the Dungeon.
You worshipped the Shining One.
The Shining One was exalted by your worship.
You were not hungry.

You visited 10 branches of the dungeon, and saw 48 of its levels.
You also visited: Labyrinth.

You collected 7090 gold pieces.
You spent 1514 gold pieces at shops.

Inventory:

Hand Weapons
 a - a +9 broad axe of holy wrath
 h - the +7 spear "Felufy" {venom, rPois rC+ Str+3 Int+2}
   (You found it on level 2 of the Spider Nest)

   It poisons the flesh of those it strikes.
   It affects your strength (+3).
   It affects your intelligence (+2).
   It protects you from cold.
   It protects you from poison.
 S - a +9 broad axe of chopping (weapon)
Missiles
 M - 9 throwing nets (quivered)
Armour
 c - the +10 large shield of Ignorance (worn) {rN+ Int-4}
   (You bought it in a shop on level 1 of the Vaults)

   It affects your intelligence (-4).
   It protects you from negative energy.
 d - a +2 helmet of intelligence (worn)
 g - a scarf of resistance (worn)
 q - a +2 pair of gloves (worn)
 z - the +12 plate armour "Vuorphonlo" (worn) {MR+ Int+3 Dex+3}
   (You took it off a deep elf high priest on level 3 of the Elven Halls)

   It affects your intelligence (+3).
   It affects your dexterity (+3).
   It affects your resistance to hostile enchantments.
 O - a +1 pair of boots of stealth (worn)
Jewellery
 b - an uncursed ring of protection from fire
 j - an uncursed ring of protection from magic
 t - an uncursed ring of ice
 x - an uncursed ring of protection from cold
 D - a +6 ring of evasion (right hand)
 E - the ring of Kel Wek (left hand) {+Inv rF+ MR+ Int+5 Slay+2}
   (You acquired it on level 2 of the Shoals)

   [ring of intelligence]

   It affects your intelligence (+5).
   It affects your accuracy and damage with ranged weapons and melee attacks
   (+2).
   It protects you from fire.
   It affects your resistance to hostile enchantments.
   It lets you turn invisible.
 L - a +2 amulet of reflection (around neck)
 P - the ring "Asungo" {Wiz Int+4 Dex-4 Stlth+}
   (You acquired it on level 1 of the Elven Halls)

   [ring of wizardry]

   It improves your spell success rate.
   It affects your intelligence (+4).
   It affects your dexterity (-4).
   It makes you more stealthy.
 W - an uncursed ring of resist corrosion
Wands
 m - a wand of scattershot (11)
 o - a wand of acid (36)
 N - a wand of digging (38)
 Q - a wand of iceblast (24)
 V - a wand of disintegration (9)
Scrolls
 e - 7 scrolls of blinking
 k - 16 scrolls of remove curse
 n - 3 scrolls of fog
 r - 10 scrolls of identify
 s - 4 scrolls of fear
 v - 16 scrolls of teleportation
 C - a scroll of silence
 F - 6 scrolls of enchant armour
 H - 6 scrolls of magic mapping
 T - a scroll of holy word
Potions
 p - 6 potions of ambrosia
 u - 8 potions of heal wounds
 w - a potion of haste
 A - 4 potions of berserk rage
 G - 14 potions of curing
 I - 7 potions of magic
 K - 3 potions of agility
 R - a potion of cancellation
 U - 5 potions of might
 Y - 6 potions of brilliance
Miscellaneous
 i - a phial of floods
 l - a lamp of fire
 Z - a lightning rod (4/4)
Comestibles
 f - 74 rations


   Skills:
 + Level 19.2 Fighting
 * Level 20.9(21.0) Axes
 + Level 1.6(14.3) Polearms
 + Level 3.3 Throwing
 + Level 12.5 Armour
 + Level 9.5 Dodging
 - Level 0.2 Stealth
 + Level 22.2 Shields
 * Level 12.5 Spellcasting
 * Level 6.4 Conjurations
 * Level 5.0 Charms
 - Level 7.0 Translocations
 * Level 4.2 Air Magic
 * Level 16.4 Earth Magic
 + Level 13.1 Invocations
 - Level 12.0 Evocations


You had 33 spell levels left.
You knew the following spells:

 Your Spells              Type           Power        Failure   Level  Hunger
a - Blink                 Tloc           N/A          7%          2    None
b - Passwall              Tmut/Erth      #####...     4%          2    None
c - Swiftness             Chrm/Air       ####....     19%         2    None
d - Deflect Missiles      Chrm/Air       ####......   100%        6    ######.
e - Iron Shot             Conj/Erth      ######....   71%         6    ######.

Your spell library contained the following spells:

 Spells                   Type           Power        Failure   Level  Hunger
 Sandblast                Erth           ######       1%          1    None
 Stone Arrow              Conj/Erth      ######       1%          3    None
 Lee's Rapid Deconstruct  Erth           ######....   2%          5    ####...
 Apportation              Tloc           #####.       4%          1    None
 Magic Dart               Conj           ####         5%          1    None
 Searing Ray              Conj           #####.       9%          2    None
 Gell's Gravitas          Tloc           #####.....   13%         3    None
 Flame Tongue             Conj/Fire      ###..        21%         1    None
 Leda's Liquefaction      Hex/Erth       #####.....   26%         4    #......
 Petrify                  Tmut/Erth      #####...     26%         4    #......
 Throw Flame              Conj/Fire      ###...       30%         2    None
 Throw Frost              Conj/Ice       ###...       30%         2    None
 Passage of Golubria      Tloc           N/A          41%         4    #......
 Force Lance              Conj/Tloc      #####...     43%         4    #......
 Poisonous Vapours        Pois/Air       ###...       45%         2    None
 Mephitic Cloud           Conj/Pois/Air  ####....     47%         3    None
 Iskenderun's Mystic Bla  Conj           #####...     47%         4    #......
 Portal Projectile        Hex/Tloc       ####..       50%         3    None
 Conjure Flame            Conj/Fire      ###.....     52%         3    None
 Dazzling Spray           Conj/Hex       ###...       52%         3    None
 Borgnjor's Vile Clutch   Necr/Erth      #####.....   58%         5    ####...
 Animate Skeleton         Necr           N/A          61%         1    None
 Confusing Touch          Hex            ##....       61%         1    None
 Freeze                   Ice            ##..         61%         1    None
 Pain                     Necr           ##..         61%         1    None
 Summon Small Mammal      Summ           ##..         61%         1    None
 Ozocubu's Armour         Chrm/Ice       ###.....     63%         3    None
 Regeneration             Chrm/Necr      ###.......   63%         3    None
 Bolt of Magma            Conj/Fire/Erth #####.....   67%         5    ####...
 Corpse Rot               Necr           N/A          75%         2    None
 Fulminant Prism          Conj/Hex       ###.......   90%         4    #......
 Sticky Flame             Conj/Fire      ###.....     90%         4    #......
 Throw Icicle             Conj/Ice       ###.....     90%         4    #......
 Iskenderun's Battlesphe  Conj/Chrm      ####....     90%         5    ####...
 Confuse                  Hex            ##......     93%         3    None
 Inner Flame              Hex/Fire       ##......     93%         3    None
 Vampiric Draining        Necr           ##........   93%         3    None
 Lightning Bolt           Conj/Air       ####......   94%         5    ####...
 Bolt of Draining         Conj/Necr      ###.......   99%         5    ####...
 Fireball                 Conj/Fire      ###.......   99%         5    ####...
 Venom Bolt               Conj/Pois      ###.......   99%         5    ####...
 Animate Dead             Necr           N/A          100%        4    #......
 Cause Fear               Hex            ##........   100%        4    #......
 Olgreb's Toxic Radiance  Pois           ##......     100%        4    #......
 Summon Ice Beast         Ice/Summ       ##......     100%        4    #......
 Agony                    Necr           ##......     100%        5    ####...
 Metabolic Englaciation   Hex/Ice        ##........   100%        5    ####...
 Silence                  Hex/Air        ###.......   100%        5    ####...
 Yara's Violent Unravell  Hex/Tmut       ##........   100%        5    ####...
 Bolt of Cold             Conj/Ice       ###.......   100%        6    ######.
 Darkness                 Hex            ##........   100%        6    ######.
 Dispersal                Tloc           #####.....   100%        6    ######.
 Freezing Cloud           Conj/Ice/Air   ####......   100%        6    ######.
 Invisibility             Hex            ##......     100%        6    ######.
 Simulacrum               Ice/Necr       ##........   100%        6    ######.
 Haunt                    Necr/Summ      ##........   100%        7    #######
 Orb of Destruction       Conj           #####.....   100%        7    #######
 Ring of Flames           Chrm/Fire      ###.......   100%        7    #######
 Spellforged Servitor     Conj/Summ      ###.......   100%        7    #######
 Borgnjor's Revivificati  Necr           ##........   100%        8    #######
 Controlled Blink         Tloc           N/A          100%        8    #######
 Death's Door             Chrm/Necr      ###.......   100%        8    #######
 Discord                  Hex            ##........   100%        8    #######
 Disjunction              Tloc           #####.....   100%        8    #######
 Infestation              Necr           ##........   100%        8    #######
 Necromutation            Tmut/Necr      ##........   100%        8    #######
 Shatter                  Erth           ######....   100%        9    #######
 Statue Form              Tmut/Erth      Unusable     N/A         6    N/A

Dungeon Overview and Level Annotations

Branches:
Dungeon (15/15)            Temple (1/1) D:7            Lair (6/6) D:9
 Shoals (4/4) Lair:2       Spider (4/4) Lair:3        Slime (0/5) Lair:6
    Orc (2/2) D:9             Elf (3/3) Orc:2        Vaults (5/5) D:13
  Crypt (3/3) Vaults:3       Tomb (0/3) Crypt:3      Depths (5/5) D:15
    Zot (0/5) Depths:5

Altars:
Ashenzari
Cheibriados
Dithmenos
Elyvilon
Fedhas
Gozag
Hepliaklqana
Kikubaaqudgha
Makhleb
Nemelex Xobeh
Okawaru
Qazlal
Ru
Sif Muna
Trog
Uskayaw
Vehumet
Wu Jian
Xom
Yredelemnul
Zin
The Shining One
Beogh

Shops:
D:11 !   Orc:2 [(*:   Elf:1 =   Shoals:3 =   Shoals:4 %[   Vaults:1 [
Vaults:2 (=

Portals:
Hell: Depths:1 Depths:2 Depths:3 Depths:4 Depths:5
Abyss: Depths:2 Depths:4
Pandemonium: Depths:3
Ziggurat: Depths:5

Annotations:
Depths:2 1 runed door, tape's ghost, veteran SpEn
Depths:5 exclusions: angel, 2 daevas and 1 more exclusion


Innate Abilities, Weirdness & Mutations

You are resistant to torment.
Your stone body is resilient. (AC +20)
You are immune to poison.
Your large and strong wings let you fly indefinitely.
You resist negative energy. (rN+)
You are resistant to electric shocks. (rElec)
You can survive without breathing.
You are immune to petrification.
You are immune to rotting.
You have extremely sharp teeth.
You are partially covered in molten scales. (AC +2)
You passively map a small area around you.
Potions are less effective at restoring your health.


Message History

There is a stone staircase leading down here.
There is a stone staircase leading up here.
You fly upwards.
There is a stone staircase leading down here.
There is an open door here.
There is an entrance to Lunwijiz's Distillery here.
w - a potion of haste;
B - a potion of mutation
u - 8 potions of heal wounds (gained 1) Thank you for shopping at Lunwijiz's Distillery!
Search for what [Enter for "mut", or ? for help]? mut
Okay, then.
You feel extremely strange.
You feel clever.
You no longer feel jittery.
You feel clumsy.
You feel a strange attunement to the structure of the dungeons.
Molten scales grow over part of your body.
Save game and exit?
Welcome back, IceCat the Gargoyle Gladiator.
The Shining One says: Lead the forces of light to victory!
Press ? for a list of commands and other information.
Are you sure you want to abandon this character and quit the game? (Confirm

######### ####
#.......# #...
#.#####.# ####...
#.#.....####..'...
#.########...##...
#.....†.##.####...
#>#####.#..# #...
#.........## #...
#@######### #...
#.......# #...
##.###### #...
#..# ##'# #.##
#..# #.# ###'##
#.# #..... #.#
#..... #.# #.....


There were no monsters in sight!

Vanquished Creatures
  3 ancient liches
  Margery (Depths:4)
  A curse toe (Crypt:3)
  A profane servitor (Crypt:3)
  Jory (Depths:3)
  3 golden dragons
  Arachne (Spider:4)
  3 tentacled monstrosities
  7 liches
  4 titans
  Rupert (D:14)
  A deep elf master archer (Elf:3)
  A quicksilver dragon (Vaults:5)
  4 deep elf blademasters
  4 sphinxes
  Polyphemus (Shoals:3)
  The ghost of Onajag the Unseen, an adept VSBe of Trog (Vaults:1)
  A sphinx (shapeshifter) (Depths:4)
  7 ancient champions
  4 krakens
  7 shadow dragons
  Gastronok (Orc:1)
  4 revenants (Crypt:3)
  9 storm dragons
  8 tengu reavers
  2 draconian monks (Depths:5)
  9 vault wardens
  3 iron dragons
  A balrug (Depths:3)
  6 fire giants
  10 deep elf sorcerers
  8 frost giants
  4 ghost moths
  4 emperor scorpions
  5 deep elf elementalists
  The ghost of Caihaed the Arsonist, an adept DEFE of Vehumet (Spider:2)
  An orc warlord (Orc:1)
  8 ghouls
  2 curse skulls
  23 ironheart preservers
  A war gargoyle (Vaults:5)
  5 entropy weavers
  18 very ugly things
  19 stone giants
  10 deep elf demonologists
  7 vampire knights
  A green draconian (Depths:5)
  A purple draconian (Depths:5)
  2 red draconians (Depths:5)
  A minotaur (Lab)
  8 deep elf annihilators
  7 spark wasps
  2 mummy priests (Crypt:3)
  A crystal guardian (Vaults:3)
  6 deep elf death magi
  14 yaktaur captains
  4 eidola
  6 deep elf high priests
  15 ettins
  10 merfolk impalers
  20 ogre magi
  A small abomination (Vaults:5)
  Snorg (Orc:1)
  7 fire dragons
  Harold (Orc:1)
  10 great orbs of eyes
  13 jiangshi
  Fannar (Lair:3)
  5 rakshasas
  5 hydras
  11 ice dragons
  4 merfolk avatars
  3 spriggan air magi
  6 centaur warriors
  33 vault guards
  Erolcha (Orc:1)
  3 death knights
  A two-headed ogre (shapeshifter) (Depths:4)
  5 catoblepae
  42 two-headed ogres
  A satyr (Shoals:3)
  13 death yaks
  12 deep troll earth magi
  10 deep troll shamans
  5 merfolk aquamancers
  5 tengu warriors
  A queen ant (D:10)
  3 orc high priests
  9 hell knights
  25 dancing weapons
  10 spriggan berserkers
  A shock serpent (shapeshifter) (Vaults:3)
  A sun demon (Depths:3)
  2 titan zombies
  20 deep elf knights
  Sonja (Lair:1)
  7 vampire magi
  17 skeletal warriors
  10 soul eaters
  A fire crab (shapeshifter) (Depths:2)
  5 shadow wraiths (Crypt:3)
  37 deep trolls
  3 iron trolls
  2 large abominations (Vaults:5)
  11 sea snakes (Shoals:4)
  6 glowing orange brains
  A gelid demonspawn (Depths:3)
  An unseen horror (shapeshifter) (Vaults:5)
  15 wizards
  14 deep elf archers
  17 orc knights
  11 necromancers
  7 flayed ghosts
  A harpy (shapeshifter) (Vaults:4)
  10 phantasmal warriors
  2 golden dragon skeletons (Crypt:3)
  70 deep elf magi
  14 ironbrand convokers
  17 wolf spiders
  An anaconda skeleton (Crypt:1)
  29 harpies
  15 orb spiders
  2 oklob plants (Lair:3)
  A fire giant zombie (D:15)
  16 manticores
  8 orc sorcerers
  A faun (Shoals:2)
  2 salamanders (shapeshifter)
  35 ugly things
  A shadow dragon skeleton (Crypt:2)
  A wolf spider (shapeshifter) (Vaults:5)
  11 cyclopes
  2 salamanders (Depths:4)
  3 frost giant zombies
  An elephant (shapeshifter) (Depths:2)
  A spriggan zombie (Depths:1)
  Joseph (D:8)
  5 centaur zombies
  2 stone giant skeletons
  12 vault sentinels
  10 elephants
  A smoke demon (Depths:3)
  9 water nymphs
  The ghost of odie the Chopper, a novice HOFi of Beogh (D:4)
  4 black mambas
  8 merfolk sirens
  A titan simulacrum (Depths:1)
  2 frost giant skeletons
  4 torpor snails (Depths:2)
  3 rime drakes
  11 freezing wraiths
  3 kobold demonologists
  10 spiny frogs
  A minotaur zombie (Lab)
  6 komodo dragons
  A yaktaur skeleton (Depths:1)
  A purple draconian skeleton (Crypt:1)
  39 yaktaurs
  16 demonic crawlers
  A death yak skeleton (Crypt:3)
  3 guardian mummies (Crypt:3)
  A polar bear (shapeshifter) (Depths:3)
  11 trolls
  6 tengu conjurers
  A jumping spider (shapeshifter) (Vaults:3)
  35 merfolk
  2 merfolk (shapeshifter)
  A hornet (shapeshifter) (Depths:2)
  A silent spectre (Crypt:1)
  Prince Ribbit (D:6)
  34 jumping spiders
  13 hornets
  2 polar bears (D:15)
  5 wind drakes
  13 slime creatures
  A bog body (Crypt:3)
  19 blink frogs
  An alligator zombie (Crypt:3)
  15 hippogriffs
  An ice dragon zombie (Crypt:3)
  A stone giant simulacrum (Crypt:3)
  4 dream sheep (Lair:6)
  3 snapping turtles
  A fire dragon zombie (Crypt:2)
  A slime creature (shapeshifter) (Depths:3)
  A guardian serpent zombie (Crypt:1)
  A jumping spider zombie (Crypt:1)
  2 flying skulls (Crypt:2)
  2 air elementals (Elf:3)
  An ice dragon skeleton (Crypt:3)
  A vampire (D:13)
  A yak (shapeshifter) (Vaults:3)
  10 spriggans
  A spriggan (shapeshifter) (Vaults:5)
  15 water elementals
  57 redbacks
  2 shadows
  An ettin skeleton (Crypt:3)
  21 tarantellas
  8 wraiths
  An ushabti (Crypt:3)
  Sigmund (D:4)
  2 fire elementals
  3 wyverns
  35 yaks
  4 basilisks
  A chaos spawn (Depths:3)
  A human (D:8)
  2 golden eyes (shapeshifter)
  4 hogs (D:8)
  Eustachio (D:6)
  A basilisk (shapeshifter) (Depths:1)
  A steam dragon (D:12)
  2 hungry ghosts
  A vampire mosquito (D:12)
  An emperor scorpion simulacrum (Crypt:1)
  6 wargs
  Menkaure (D:7)
  An orb spider zombie (Crypt:2)
  20 soldier ants (D:10)
  3 swamp worms (shapeshifter)
  3 acid dragons
  6 water moccasins
  Duvessa (D:5)
  A tengu skeleton (D:15)
  7 porcupines
  15 ice beasts
  34 orc warriors
  A hornet zombie (D:15)
  2 black bears
  An eye of draining (D:14)
  2 black bears (shapeshifter)
  2 phantoms
  3 sky beasts
  36 ogres
  13 centaurs
  A necrophage (Crypt:3)
  A swamp dragon zombie (Crypt:1)
  10 wolves
  A blink frog skeleton (Crypt:3)
  13 crocodiles
  An earth elemental (Elf:2)
  A rime drake skeleton (Crypt:1)
  A salamander zombie (Crypt:3)
  4 big kobolds
  Blork the orc (D:6)
  20 bullfrogs
  2 wyvern zombies
  A gnoll sergeant (D:6)
  A wyvern skeleton (D:8)
  14 scorpions
  A water moccasin skeleton (D:5)
  Dowan (D:5)
  A warg zombie (Crypt:3)
  24 killer bees
  A warg skeleton (Crypt:3)
  5 wights
  4 electric eels
  3 howler monkeys
  10 crimson imps
  6 quasits
  4 bullfrog zombies
  8 hounds
  18 jellies
  Crazy Yiuf (D:7)
  2 bullfrog skeletons
  6 centaur skeletons
  14 orc priests
  18 orc wizards
  2 iron imps (Depths:3)
  4 iguanas
  A porcupine zombie (Crypt:3)
  36 worker ants
  Terence (D:3)
  A naga skeleton (Crypt:1)
  A hound zombie (D:7)
  3 hound skeletons
  A worker ant zombie (D:11)
  4 gnolls
  21 adders
  A swamp drake zombie (Crypt:3)
  7 shadow imps
  A white imp (Depths:3)
  An ooze (Lair:6)
  An adder zombie (D:8)
  2 iguana skeletons
  4 worms
  A dart slug (D:1)
  6 leopard geckos
  97 orcs
  3 giant cockroaches
  11 goblins
  5 hobgoblins
  15 jackals
  2 quokkas
  18 bats
  11 frilled lizards
  A goblin skeleton (Crypt:2)
  19 kobolds
  A kobold skeleton (Crypt:3)
  A kobold zombie (Crypt:3)
  A leopard gecko skeleton (Crypt:2)
  A leopard gecko zombie (Crypt:2)
  12 rats
  A rat (shapeshifter) (Depths:2)
  A bush (Lair:4)
  A crawling corpse (Vaults:5)
  A fungus (D:7)
  2 plants
  6 tentacles
  2 withered plants (D:15)
2186 creatures vanquished.

Vanquished Creatures (collateral kills)
  Mennas (Crypt:2)
  Frederick (Crypt:2)
  A lich (Depths:2)
  The ghost of Reogah the Impaler, an adept MfBe of Trog (Vaults:2)
  A shadow dragon (Vaults:5)
  A frost giant (Vaults:5)
  A deep elf sorcerer (Crypt:1)
  An ironheart preserver (Vaults:5)
  A draconian annihilator (Crypt:1)
  A war gargoyle (Vaults:5)
  A vampire knight (Crypt:2)
  2 deep elf demonologists
  A small abomination (Vaults:5)
  An eidolon (Crypt:2)
  A merfolk javelineer (Shoals:3)
  A yaktaur captain (Vaults:5)
  A jiangshi (Crypt:2)
  A death knight (Crypt:2)
  A skeletal warrior (Crypt:2)
  A sea snake (Shoals:3)
  A deep elf mage (Vaults:5)
  3 ugly things (D:14)
  A centaur zombie (D:14)
  2 kobold demonologists (Crypt:1)
  A wind drake (Shoals:3)
  2 flying skulls (Crypt:2)
  A yak (D:14)
  A human (Crypt:1)
  A warg (Vaults:5)
  A hungry ghost (D:14)
  A black bear (shapeshifter) (D:14)
  A spiny frog skeleton (Crypt:2)
  A cyclops zombie (Crypt:2)
38 creatures vanquished.

Vanquished Creatures (others)
  A deep elf master archer (Elf:3)
  A vault warden (Vaults:3)
  5 stone giants
  A yaktaur captain (Depths:2)
  2 merfolk aquamancers
  2 satyrs
  A spriggan berserker (Depths:3)
  A deep elf archer (Elf:1)
  A wizard (Depths:3)
  A deep elf mage (Elf:1)
  17 yaktaurs
  A freezing wraith (Vaults:4)
  A jumping spider (Spider:2)
  A merfolk (Shoals:3)
  An ushabti (Crypt:3)
  4 centaurs
  A quasit (Depths:3)
  3 ball lightnings (Spider:2)
  11 fungi
  24 plants
  13 tentacles
93 creatures vanquished.

Grand Total: 2317 creatures vanquished

Notes
Turn   | Place    | Note
-------+----------+-------------------------------------------
     0 | D:1      | IceCat the Gargoyle Gladiator began the quest for the Orb.
     0 | D:1      | Reached XP level 1. HP: 12/12 MP: 1/1
    61 | D:1      | Reached XP level 2. HP: 15/17 MP: 2/2
   163 | D:1      | Reached XP level 3. HP: 8/22 MP: 3/3
   244 | D:1      | Reached skill level 1 in Armour
  1156 | D:2      | Reached XP level 4. HP: 24/27 MP: 4/4
  1492 | D:2      | Found a shimmering altar of Xom.
  1629 | D:3      | Found a blossoming altar of Fedhas.
  1672 | D:3      | Reached XP level 5. HP: 2/31 MP: 5/5
  1677 | D:3      | HP: 1/31 [orc priest/nerve-wracking pain (2)]
  2369 | D:3      | Noticed Terence
  2380 | D:3      | Killed Terence
  2586 | D:4      | Reached XP level 6. HP: 35/36 MP: 6/6
  2609 | D:4      | Reached skill level 5 in Axes
  2848 | D:4      | Noticed odie's ghost (novice HOFi)
  2857 | D:4      | Found a transporter.
  2874 | D:4      | Reached XP level 7. HP: 41/41 MP: 7/7
  2894 | D:4      | Found a transporter.
  2930 | D:4      | Noticed Sigmund
  2948 | D:4      | Killed Sigmund
  3120 | D:4      | Found a radiant altar of Vehumet.
  3732 | D:5      | Entered Level 5 of the Dungeon
  3783 | D:5      | Reached XP level 8. HP: 48/48 MP: 8/8
  3988 | D:5      | You fall through a shaft for 2 floors!
  4174 | D:7      | Noticed Menkaure
  4220 | D:7      | Noticed a hippogriff
  4242 | D:7      | Killed a hippogriff
  4242 | D:7      | Reached skill level 5 in Fighting
  4242 | D:7      | Reached skill level 5 in Armour
  4242 | D:7      | Reached XP level 9. HP: 47/54 MP: 9/9
  4545 | D:7      | Killed Menkaure
  5230 | D:5      | Noticed Duvessa
  5231 | D:5      | Noticed Dowan
  5239 | D:5      | Killed Dowan
  5242 | D:5      | Killed Duvessa
  5339 | D:5      | Found an opulent altar of Gozag.
  5627 | D:6      | Reached skill level 5 in Dodging
  5822 | D:6      | Noticed Blork the orc
  5823 | D:6      | Noticed Eustachio
  5833 | D:6      | Reached XP level 10. HP: 56/60 MP: 10/10
  5851 | D:6      | Killed Eustachio
  5852 | D:6      | Killed Blork the orc
  6109 | D:6      | Noticed Prince Ribbit
  6131 | D:6      | Reached skill level 10 in Axes
  6405 | D:6      | Found a stormy altar of Qazlal.
  6593 | D:7      | Reached skill level 1 in Shields
  6797 | D:7      | Found a staircase to the Ecumenical Temple.
  6875 | Temple   | Entered the Ecumenical Temple
  7050 | Temple   | Became a worshipper of the Shining One
  7148 | D:7      | Found a runed door.
  7261 | D:7      | Reached skill level 2 in Shields
  7317 | D:7      | Noticed Crazy Yiuf
  7319 | D:7      | Killed Crazy Yiuf
  7321 | D:7      | Got an encrusted mace
  7322 | D:7      | Identified the cursed +3 mace of Exoneration {drain, Int+4}
                  | (You found it on level 7 of the Dungeon)
  7422 | D:8      | Noticed Joseph
  7614 | D:9      | Reached skill level 3 in Shields
  7718 | D:8      | Killed Joseph
  7738 | D:8      | Reached XP level 11. HP: 51/67 MP: 11/11
  8117 | D:8      | Got a transparent lajatang
  8123 | D:8      | Identified the +8 lajatang of Compound Interest {flame,
                  | rF+} (You found it on level 8 of the Dungeon)
  8720 | D:9      | Reached skill level 4 in Shields
  8761 | D:9      | Found a sparkling altar of Nemelex Xobeh.
  8838 | D:9      | Reached * piety under the Shining One
  8907 | D:9      | Found a staircase to the Lair.
  9053 | D:9      | Reached skill level 1 in Invocations
  9310 | D:9      | Found a staircase to the Orcish Mines.
  9616 | D:10     | Entered Level 10 of the Dungeon
  9745 | D:10     | Noticed a two-headed ogre
  9758 | D:10     | Killed a two-headed ogre
  9854 | D:10     | Reached skill level 5 in Shields
  9867 | D:10     | Noticed a queen ant
  9887 | D:10     | Killed a queen ant
  9935 | D:10     | Reached ** piety under the Shining One
  9975 | D:10     | Reached XP level 12. HP: 65/75 MP: 14/14
 10581 | D:11     | Identified a scroll of acquirement
 10988 | D:11     | Found Lunwijiz's Distillery.
 11157 | D:11     | Noticed a seven-headed hydra
 11157 | D:11     | Reached *** piety under the Shining One
 11221 | Orc:1    | Entered Level 1 of the Orcish Mines
 11245 | Orc:1    | Reached skill level 6 in Shields
 11449 | Orc:2    | Entered Level 2 of the Orcish Mines
 11468 | Orc:2    | Noticed an orc high priest
 12126 | Orc:2    | Noticed a sun demon
 12130 | Orc:2    | Killed an orc high priest
 12497 | Orc:2    | Found a staircase to the Elven Halls.
 12502 | Orc:1    | Noticed Gastronok
 12503 | Orc:1    | Noticed Erolcha
 12613 | Orc:2    | Reached skill level 5 in Invocations
 12646 | Orc:1    | Noticed a soul eater
 13045 | Orc:2    | Noticed an orc high priest
 13048 | Orc:2    | Noticed a soul eater
 13050 | Orc:2    | Noticed a soul eater
 13102 | Orc:2    | Killed an orc high priest
 13122 | Orc:2    | Found Tepir's Antique Armour Boutique.
 13135 | Orc:2    | Bought a pair of glowing boots for 195 gold pieces
 13254 | Orc:1    | Killed Gastronok
 13424 | Orc:1    | Noticed Snorg
 13473 | Orc:1    | Killed Snorg
 13473 | Orc:1    | Reached skill level 7 in Shields
 13704 | Orc:1    | Noticed an orc high priest
 13734 | Orc:1    | Reached XP level 13. HP: 78/80 MP: 17/17
 13905 | Orc:1    | Killed Erolcha
 14036 | Orc:1    | Found a roughly hewn altar of Beogh.
 14198 | Orc:2    | Noticed an orc warlord
 14271 | Orc:1    | Killed an orc warlord
 14966 | Orc:2    | Found Batixzuro's Antique Weapon Shop.
 14972 | Orc:1    | Noticed Harold
 14986 | Orc:1    | Killed Harold
 14986 | Orc:1    | Reached skill level 10 in Fighting
 15399 | Orc:2    | Reached skill level 8 in Shields
 15442 | Orc:2    | Found Toysam's Book Boutique.
 15486 | Orc:2    | Found Rutodim's General Store.
 15715 | Orc:2    | Bought a runed cloak for 195 gold pieces
 15806 | Lair:1   | Entered Level 1 of the Lair of Beasts
 15829 | Lair:1   | Got a scintillating copper ring
 15831 | Lair:1   | Identified the ring "Nucloat" {Str+3 Stlth+} (You acquired
                  | it on level 1 of the Lair of Beasts)
 16146 | Lair:1   | Noticed Sonja
 16154 | Lair:1   | Killed Sonja
 16216 | Lair:1   | Reached **** piety under the Shining One
 17854 | D:12     | Gained mutation: Your large and strong wings let you fly
                  | indefinitely. [Gargoyle growth]
 17854 | D:12     | Reached XP level 14. HP: 85/88 MP: 19/19
 18200 | D:12     | Found a runed door.
 18849 | D:4      | Killed odie's ghost
 18947 | D:6      | Killed Prince Ribbit
 19667 | Lair:2   | Found a staircase to the Shoals.
 19677 | Lair:2   | Reached skill level 9 in Shields
 20566 | Lair:2   | Got a pitted dagger
 20567 | Lair:2   | Identified the cursed +1 dagger "Guoc" {pierce, Dex+5} (You
                  | found it on level 2 of the Lair of Beasts)
 20590 | Lair:3   | Noticed Fannar
 20765 | Lair:3   | Killed Fannar
 20839 | Lair:3   | Reached skill level 1 in Polearms
 21275 | Lair:3   | Found a hole to the Spider Nest.
 22302 | Lair:5   | You are sucked into a shaft!
 22302 | Lair:6   | Entered Level 6 of the Lair of Beasts
 22310 | Lair:6   | Found a labyrinth entrance.
 22432 | Lab      | Entered a labyrinth
 22537 | Lab      | Found the +4 robe of Augmentation {Str+4 Int+4 Dex+4}
 22592 | Lab      | Got a dazzling rapier
 22636 | Lair:6   | Identified the +1 rapier of False Accusations {elec, rF+}
                  | (You found it in a labyrinth)
 22773 | Lair:6   | Reached skill level 15 in Axes
 22829 | Lair:6   | Found a staircase to the Slime Pits.
 23133 | Lair:6   | Reached XP level 15. HP: 74/95 MP: 22/22
 23294 | Lair:6   | Reached skill level 10 in Shields
 23520 | Lair:6   | Reached ***** piety under the Shining One
 24025 | Lair:5   | Reached skill level 10 in Invocations
 25322 | D:13     | Found a gate to the Vaults.
 25834 | D:14     | Reached skill level 11 in Shields
 25990 | D:14     | Noticed Rupert
 26019 | D:14     | Killed Rupert
 26116 | D:14     | Found a burning altar of Makhleb.
 26188 | D:14     | Got a spiked ring mail
 26199 | D:14     | Identified the +4 ring mail "Cicue" {rN+ Str-5 Dex+2 SInv}
                  | (You found it on level 14 of the Dungeon)
 26660 | D:15     | Entered Level 15 of the Dungeon
 26813 | D:15     | Found a staircase to the Depths.
 26832 | D:15     | Reached XP level 16. HP: 74/101 MP: 24/24
 26930 | D:15     | Found a bloodstained altar of Trog.
 27016 | D:15     | Found a white marble altar of Elyvilon.
 27510 | Spider:1 | Entered Level 1 of the Spider Nest
 27654 | Spider:1 | Reached ****** piety under the Shining One
 27733 | Spider:1 | Got a heavily runed scale mail
 27744 | Spider:1 | Identified the +2 scale mail of the Imp {rF+ rC- Regen+
                  | Stlth+} (You found it on level 1 of the Spider Nest)
 28318 | Spider:1 | Reached skill level 12 in Shields
 28581 | Spider:2 | Got an ivory spear
 28582 | Spider:2 | Identified the +7 spear "Felufy" {venom, rPois rC+ Str+3
                  | Int+2} (You found it on level 2 of the Spider Nest)
 28703 | Spider:2 | Found a runed door.
 28704 | Spider:2 | Found a shimmering altar of Xom.
 28704 | Spider:2 | Noticed Caihaed's ghost (adept DEFE)
 29848 | Spider:4 | Entered Level 4 of the Spider Nest
 29849 | Spider:4 | Noticed Arachne
 29870 | Spider:4 | Killed Arachne
 29870 | Spider:4 | Reached XP level 17. HP: 78/108 MP: 25/25
 30272 | Spider:4 | Reached skill level 13 in Shields
 30503 | Spider:4 | Reached skill level 10 in Armour
 30550 | Spider:4 | Got a gossamer rune of Zot
 31166 | Shoals:1 | Entered Level 1 of the Shoals
 31200 | Shoals:1 | Got an iridescent halberd
 31206 | Shoals:1 | Identified the +10 halberd "Veyt" {drain, MR+ Str+3} (You
                  | found it on level 1 of the Shoals)
 31297 | Shoals:1 | You are sucked into a shaft!
 31483 | Shoals:2 | Noticed Polyphemus
 31957 | Shoals:3 | Killed Polyphemus
 32268 | Shoals:2 | Reached skill level 14 in Shields
 32286 | Shoals:2 | Identified the Grimoire of the Ghastly Traveller
 32293 | Shoals:2 | Learned a level 2 spell: Blink
 32296 | Shoals:2 | Learned a level 2 spell: Passwall
 32890 | Shoals:2 | Found an ancient bone altar of Kikubaaqudgha.
 32902 | Shoals:2 | Got a coiled turquoise ring
 32904 | Shoals:2 | Identified the ring of Kel Wek {+Inv rF+ MR+ Int+5 Slay+2}
                  | (You acquired it on level 2 of the Shoals)
 32911 | Shoals:2 | Noticed a kraken
 32919 | Shoals:2 | Killed a kraken
 33014 | Shoals:2 | Reached skill level 1 in Spellcasting
 33193 | Shoals:3 | Reached skill level 1 in Earth Magic
 33206 | Shoals:3 | Reached skill level 1 in Translocations
 33206 | Shoals:3 | Reached skill level 1 in Evocations
 33246 | Shoals:3 | Reached XP level 18. HP: 115/115 MP: 27/27
 33557 | Shoals:3 | Found Haatareh's Jewellery Boutique.
 33957 | Shoals:4 | Entered Level 4 of the Shoals
 34110 | Shoals:4 | Got a barnacled rune of Zot
 35131 | Shoals:4 | Found Hasikuk's Armour Boutique.
 35311 | Shoals:4 | Found Vaboy's Food Shoppe.
 35794 | Vaults:1 | Entered Level 1 of the Vaults
 36228 | Vaults:1 | Reached XP level 19. HP: 111/120 MP: 28/28
 36401 | Vaults:1 | Reached skill level 5 in Earth Magic
 36470 | Vaults:1 | Found a runed door.
 36470 | Vaults:1 | Noticed Onajag's ghost (adept VSBe)
 36715 | Vaults:1 | Found Cecw's Armour Shoppe.
 37253 | Vaults:2 | Reached skill level 15 in Shields
 37277 | Vaults:2 | Reached skill level 5 in Evocations
 37280 | Vaults:2 | Reached skill level 5 in Translocations
 37323 | Vaults:2 | Reached skill level 5 in Spellcasting
 37366 | Vaults:2 | Found Afoz's Jewellery Boutique.
 37543 | Vaults:2 | Found a runed door.
 37543 | Vaults:2 | Noticed Reogah's ghost (adept MfBe)
 37794 | Vaults:2 | Found Povvux's Weapon Shop.
 38164 | Vaults:2 | Reached XP level 20. HP: 121/128 MP: 29/29
 38706 | Vaults:3 | Reached skill level 15 in Fighting
 39145 | Vaults:3 | Found a staircase to the Crypt.
 40454 | Vaults:4 | Reached XP level 21. HP: 128/135 MP: 31/31
 40760 | Vaults:4 | Reached skill level 16 in Shields
 41230 | Vaults:4 | Noticed a golden dragon
 41234 | Vaults:4 | Noticed a golden dragon
 41243 | Vaults:4 | Killed a golden dragon
 41254 | Vaults:4 | Killed a golden dragon
 41261 | Vaults:4 | Reached skill level 10 in Earth Magic
 41639 | Elf:1    | Entered Level 1 of the Elven Halls
 41730 | Elf:1    | Got a shimmering lead ring
 41732 | Elf:1    | Identified the ring "Asungo" {Wiz Int+4 Dex-4 Stlth+} (You
                  | acquired it on level 1 of the Elven Halls)
 42328 | Elf:1    | Identified the Guide on Conjuration
 42365 | Elf:1    | Found Zopsynuu's Jewellery Emporium.
 42749 | Elf:2    | Found a runed gate.
 42749 | Elf:2    | Found a runed gate.
 42750 | Elf:2    | Found a runed gate.
 43633 | Elf:3    | Entered Level 3 of the Elven Halls
 43794 | Elf:3    | Reached XP level 22. HP: 141/143 MP: 34/34
 43798 | Elf:3    | Got a dazzling great mace
 43804 | Elf:3    | Identified the +11 great mace of Meadghe Kary {holy, rPois
                  | Dex+4} (You found it on level 3 of the Elven Halls)
 44399 | Elf:3    | Got a crystal battleaxe {speed}
 44405 | Elf:3    | Identified the +1 battleaxe of Duolenluw {speed, Int+3
                  | Stlth+} (You took it off a deep elf high priest on level 3
                  | of the Elven Halls)
 44547 | Elf:3    | Got a smoking pewter ring
 44584 | Elf:3    | Identified Sif Muna's Incunabulum of Conjuration and Evil
                  | Rituals
 44596 | Elf:3    | Identified the ring of Zusaid {+Fly rPois Dex+3} (You took
                  | it off a deep elf high priest on level 3 of the Elven
                  | Halls)
 44614 | Elf:3    | Got a faintly glowing pewter ring
 44615 | Elf:3    | Identified the cursed ring "Sasi" {+Blink Str-2 SInv} (You
                  | found it on level 3 of the Elven Halls)
 44648 | Elf:3    | Got a faintly glowing tin ring
 44649 | Elf:3    | Identified the cursed ring "Ismenaod" {Str+2 Int+3 Slay-3}
                  | (You found it on level 3 of the Elven Halls)
 44701 | Elf:3    | Got a shimmering plate armour
 44715 | Elf:3    | Identified the +12 plate armour "Vuorphonlo" {MR+ Int+3
                  | Dex+3} (You took it off a deep elf high priest on level 3
                  | of the Elven Halls)
 44954 | Orc:2    | Identified a broad axe of holy wrath (a broad axe blessed
                  | by the Shining One)
 44954 | Orc:2    | Received a gift from the Shining One
 45191 | Crypt:1  | Entered Level 1 of the Crypt
 45373 | Crypt:1  | Reached skill level 17 in Shields
 45741 | Crypt:1  | Found a runed door.
 45994 | Crypt:1  | Noticed an ancient lich
 46005 | Crypt:1  | Killed an ancient lich
 46021 | Crypt:1  | Got a clouded ivory ring
 46023 | Crypt:1  | Identified the cursed ring of Zyomnayhau {MR+ Str-3 Dex+4}
                  | (You found it on level 1 of the Crypt)
 46143 | Crypt:1  | Got a transparent flail
 46144 | Crypt:1  | Identified the +8 flail "Akkun" {venom, rElec rF+ MR-} (You
                  | found it on level 1 of the Crypt)
 46210 | Crypt:2  | Noticed Frederick
 46256 | Crypt:2  | Killed Frederick
 46548 | Crypt:2  | Reached XP level 23. HP: 149/149 MP: 36/36
 46562 | Crypt:2  | Noticed Mennas
 46585 | Crypt:2  | Killed Mennas
 46903 | Crypt:3  | Entered Level 3 of the Crypt
 46994 | Crypt:3  | Reached skill level 18 in Shields
 47264 | Crypt:3  | Found a staircase to the Tomb.
 47559 | Crypt:3  | Reached skill level 10 in Spellcasting
 47608 | Crypt:3  | Reached skill level 10 in Evocations
 47640 | Crypt:3  | Reached skill level 19 in Shields
 47685 | Crypt:3  | Found an ancient bone altar of Kikubaaqudgha.
 47688 | Crypt:3  | Found a basalt altar of Yredelemnul.
 47694 | Crypt:3  | Noticed a curse toe
 47706 | Crypt:3  | Killed a curse toe
 47816 | Crypt:3  | Identified the Tome of Necromancy
 47825 | Crypt:3  | Got a jacinth-studded leather armour
 47836 | Crypt:3  | Identified the +1 leather armour of Optimism {Int+4 SInv}
                  | (You found it on level 3 of the Crypt)
 48092 | Vaults:1 | Bought the +10 large shield of Ignorance {rN+ Int-4} for
                  | 802 gold pieces
 48092 | Vaults:1 | Found the +10 large shield of Ignorance {rN+ Int-4}
 48271 | Vaults:5 | Entered Level 5 of the Vaults
 48606 | Vaults:5 | Reached XP level 24. HP: 135/157 MP: 37/37
 48746 | Vaults:4 | Reached skill level 20 in Shields
 49045 | Vaults:5 | Noticed an ancient lich
 49054 | Vaults:5 | Killed an ancient lich
 49677 | Vaults:5 | Reached XP level 25. HP: 162/162 MP: 37/37
 49693 | Vaults:5 | Got a fine falchion {antimagic}
 49694 | Vaults:5 | Identified the +7 falchion of Light {antimagic, rElec rF+
                  | MR+} (You took it off a deep elf high priest on level 5 of
                  | the Vaults)
 49796 | Vaults:5 | Noticed an ancient lich
 49821 | Vaults:5 | Killed an ancient lich
 50310 | Vaults:5 | Got a silver rune of Zot
 50318 | Vaults:5 | Identified Guteplel's Almanac of Contamination and Attacks
 50320 | Vaults:5 | Identified the Tome of Ensnaring Enhancements
 50704 | Vaults:5 | Got a shimmering hunting sling
 50705 | Vaults:5 | Identified the +7 hunting sling "Mepp" {freeze, +Inv rN+++
                  | Str-3 Dex-3} (You found it on level 5 of the Vaults)
 51097 | Depths:1 | Entered Level 1 of the Depths
 51152 | Depths:1 | Reached skill level 21 in Shields
 51171 | Depths:1 | Reached XP level 26. HP: 168/168 MP: 38/38
 51299 | Depths:1 | Reached skill level 15 in Earth Magic
 51431 | Depths:1 | Found a gateway to Hell.
 51475 | Depths:1 | Found a runed door.
 51479 | Depths:1 | Found a runed door.
 51609 | Depths:1 | Found the +10 dark maul {crush}
 51696 | Depths:1 | Got an ancient granite ring
 51868 | Depths:1 | Identified the ring "Bar Wap" {Fire Int+4} (You took it off
                  | a necromancer on level 1 of the Depths)
 52200 | Depths:2 | Found a runed door.
 52201 | Depths:2 | Noticed tape's ghost (veteran SpEn)
 52842 | Depths:2 | Learned a level 2 spell: Swiftness
 52849 | Depths:2 | Learned a level 6 spell: Deflect Missiles
 52856 | Depths:2 | Learned a level 6 spell: Iron Shot
 52925 | Depths:2 | Found a snail-covered altar of Cheibriados.
 52927 | Depths:2 | Reached skill level 1 in Conjurations
 53102 | Depths:2 | Found a one-way gate to the infinite horrors of the Abyss.
 53115 | Depths:2 | Reached skill level 1 in Air Magic
 53127 | Depths:2 | Reached skill level 1 in Charms
 53303 | Depths:2 | Got a crude plate armour
 53314 | Depths:2 | Identified the +2 plate armour of the Hills {rPois rF+ rC+
                  | Dex-5} (You found it on level 2 of the Depths)
 54024 | Spider:2 | Killed Caihaed's ghost
 54032 | Spider:2 | Got a transparent iron ring
 54040 | Spider:2 | Identified the ring "Neg Rudgh" {*Tele +Blink rElec Str+2
                  | SInv} (You found it on level 2 of the Spider Nest)
 54392 | Vaults:1 | Killed Onajag's ghost
 54543 | Vaults:2 | Killed Reogah's ghost
 54865 | Depths:3 | Noticed Jory
 54883 | Depths:3 | Killed Jory
 54901 | Depths:3 | Got a spiked scale mail
 54915 | Depths:3 | Identified the +4 scale mail of Indomitability {MR+ Dex+4}
                  | (You found it on level 3 of the Depths)
 55194 | Depths:3 | Got a pitted jade amulet
 55436 | Depths:3 | Reached XP level 27. HP: 175/175 MP: 38/38
 55656 | Depths:3 | Got an ichor-stained dagger
 55657 | Depths:3 | Identified the +5 dagger "Nilezeqy" {venom, rPois} (You
                  | found it on level 3 of the Depths)
 55768 | Depths:3 | Identified the amulet of Qieren {Acrobat Slay+2 Stlth+}
                  | (You found it on level 3 of the Depths)
 55932 | Depths:3 | Found a one-way gate leading to the halls of Pandemonium.
 56136 | Depths:4 | Noticed Margery
 56154 | Depths:4 | Killed Margery
 56743 | Depths:4 | Got a flickering copper ring
 56745 | Depths:4 | Identified the ring of Ruezediq {Ice *Contam Str+4 Dex+4}
                  | (You found it on level 4 of the Depths)
 56896 | Depths:5 | Entered Level 5 of the Depths
 56919 | Depths:5 | Reached skill level 5 in Conjurations
 56952 | Depths:5 | Reached skill level 22 in Shields
 57087 | Depths:5 | Found a gateway to a ziggurat.
 58097 | Depths:5 | Found a gate to the Realm of Zot.
 58226 | Depths:5 | Reached skill level 5 in Charms
 58253 | Depths:5 | Upgraded the game from 0.22.0-81-g402daae900 to 0.22.1
 58269 | Depths:5 | Gained mutation: You are surrounded by a mild repulsion
                  | field. (EV +2) [potion of mutation]
 58269 | Depths:5 | Gained mutation: You can translocate small distances at
                  | will. [potion of mutation]
 58270 | Depths:5 | Lost mutation: You are surrounded by a mild repulsion
                  | field. (EV +2) [potion of mutation]
 58270 | Depths:5 | Lost mutation: You can translocate small distances at will.
                  | [potion of mutation]
 58270 | Depths:5 | Gained mutation: Your spells are a little harder to cast,
                  | but a little more powerful. [potion of mutation]
 58270 | Depths:5 | Gained mutation: You have very sharp teeth. [potion of
                  | mutation]
 58270 | Depths:5 | Gained mutation: Your body sometimes deteriorates upon
                  | taking damage. [potion of mutation]
 58270 | Depths:5 | Gained mutation: You evolve. [potion of mutation]
 58271 | Depths:5 | Lost mutation: Your spells are a little harder to cast, but
                  | a little more powerful. [potion of mutation]
 58271 | Depths:5 | Lost mutation: You evolve. [potion of mutation]
 58271 | Depths:5 | Lost mutation: Your body sometimes deteriorates upon taking
                  | damage. [potion of mutation]
 58271 | Depths:5 | Gained mutation: You are dopey. (Int -2) [potion of
                  | mutation]
 58271 | Depths:5 | Gained mutation: You are frail. (-10% HP) [potion of
                  | mutation]
 58271 | Depths:5 | Gained mutation: You possess an exceptional clarity of
                  | mind. [potion of mutation]
 58271 | Depths:5 | Gained mutation: You have extremely sharp teeth. [potion of
                  | mutation]
 58272 | Depths:5 | Lost mutation: You are frail. (-10% HP) [potion of
                  | mutation]
 58272 | Depths:5 | Lost mutation: You possess an exceptional clarity of mind.
                  | [potion of mutation]
 58272 | Depths:5 | Gained mutation: Your spells are a little easier to cast,
                  | but a little less powerful. [potion of mutation]
 58272 | Depths:5 | Gained mutation: Your flesh is heat resistant. (rF+)
                  | [potion of mutation]
 58273 | Depths:5 | Lost mutation: You are dopey. (Int -2) [potion of mutation]
 58273 | Depths:5 | Gained mutation: You have supernaturally acute eyesight.
                  | (SInv) [potion of mutation]
 58273 | Depths:5 | Gained mutation: You possess an exceptional clarity of
                  | mind. [potion of mutation]
 58274 | Depths:5 | Lost mutation: You possess an exceptional clarity of mind.
                  | [potion of mutation]
 58274 | Depths:5 | Lost mutation: You have supernaturally acute eyesight.
                  | (SInv) [potion of mutation]
 58274 | Depths:5 | Lost mutation: Your flesh is heat resistant. (rF+) [potion
                  | of mutation]
 58274 | Depths:5 | Gained mutation: You have large cloven feet. [potion of
                  | mutation]
 58274 | Depths:5 | Gained mutation: You are agile. (Dex +2) [potion of
                  | mutation]
 58274 | Depths:5 | Gained mutation: You are very agile. (Dex +4) [potion of
                  | mutation]
 58275 | Depths:5 | Lost mutation: Your spells are a little easier to cast, but
                  | a little less powerful. [potion of mutation]
 58275 | Depths:5 | Lost mutation: You have large cloven feet. [potion of
                  | mutation]
 58275 | Depths:5 | Gained mutation: Your body sometimes deteriorates upon
                  | taking damage. [potion of mutation]
 58275 | Depths:5 | Lost mutation: You are very agile. (Dex +4) [potion of
                  | mutation]
 58275 | Depths:5 | Gained mutation: You possess an exceptional clarity of
                  | mind. [potion of mutation]
 58276 | Depths:5 | Lost mutation: You are agile. (Dex +2) [potion of mutation]
 58276 | Depths:5 | Lost mutation: Your body sometimes deteriorates upon taking
                  | damage. [potion of mutation]
 58276 | Depths:5 | Lost mutation: You possess an exceptional clarity of mind.
                  | [potion of mutation]
 58276 | Depths:5 | Gained mutation: Potions are less effective at restoring
                  | your health. [potion of mutation]
 58276 | Depths:5 | Gained mutation: You can translocate small distances at
                  | will. [potion of mutation]
 58276 | Depths:5 | Gained mutation: You are dopey. (Int -2) [potion of
                  | mutation]
 58276 | Depths:5 | Gained mutation: You are agile. (Dex +2) [potion of
                  | mutation]
 58511 | D:11     | Bought a potion of haste for 140 gold pieces
 58511 | D:11     | Bought a potion of mutation for 112 gold pieces
 58511 | D:11     | Bought a potion of heal wounds for 70 gold pieces
 58511 | D:11     | Lost mutation: You are dopey. (Int -2) [potion of mutation]
 58511 | D:11     | Lost mutation: You can translocate small distances at will.
                  | [potion of mutation]
 58511 | D:11     | Lost mutation: You are agile. (Dex +2) [potion of mutation]
 58511 | D:11     | Gained mutation: You passively map a small area around you.
                  | [potion of mutation]
 58511 | D:11     | Gained mutation: You are partially covered in molten
                  | scales. (AC +2) [potion of mutation]
 58512 | D:11     | Quit the game

Skill      XL: |  1  2  3  4  5  6  7  8  9 10 11 12 13 14 15 16 17 18 19 20 21 22 23 24 25 26 27 |
---------------+----------------------------------------------------------------------------------+-----
Axes           | 3 4 5 6 8 9 10 11 13 14 15 16 17 18 19 20 | 20.9
Armour         | 1 2 3 5 6 7 8 9 10 11 12 | 12.5
Dodging        | 3 5 6 7 8 9 |  9.5
Fighting       | 3 4 5 6 7 8 9 10 11 12 13 14 15 16 17 18 19 | 19.2
Shields        | 3 5 7 8 9 11 12 14 15 16 17 19 20 21 22 | 22.2
Invocations    | 3 6 7 9 10 11 12 13 | 13.1
Polearms       | 1 |  1.6
Throwing       | 2 3 |  3.3
Spellcasting   | 1 3 5 7 8 9 10 11 12 | 12.5
Earth Magic    | 1 4 7 9 10 12 13 14 15 16 | 16.4
Translocations | 1 4 5 6 7 |  7.0
Evocations     | 1 4 5 7 8 9 10 11 12 | 12.0
Conjurations   | 3 6 |  6.4
Air Magic      | 1 4 |  4.2
Charms         | 2 5 |  5.0
Stealth        | |  0.2

Action                   |  1- 3 |  4- 6 |  7- 9 | 10-12 | 13-15 | 16-18 | 19-21 | 22-24 | 25-27 || total
-------------------------+-------+-------+-------+-------+-------+-------+-------+-------+-------++-------
Melee: War axe           |   124 |   152 |       |    66 |       |       |       |       |       ||   342
       Hand axe          |       |    37 |   326 |   702 |       |       |       |       |       ||  1065
       Broad axe         |       |       |       |    56 |  1038 |  1144 |  1165 |  1018 |  1433 ||  5854
       Mace              |       |       |       |       |    18 |       |       |       |       ||    18
       Spear             |       |       |       |       |    59 |       |       |       |       ||    59
Throw: Throwing net      |       |       |       |     1 |     1 |     1 |       |       |       ||     3
       Javelin           |       |       |       |       |    12 |    57 |       |       |       ||    69
Invok: Divine Shield     |       |       |       |       |     5 |     4 |     3 |     4 |     2 ||    18
       Summon Divine War |       |       |       |       |     1 |     1 |       |     7 |     2 ||    11
       Brand Weapon With |       |       |       |       |       |       |       |     1 |       ||     1
       Cleansing Flame   |       |       |       |       |       |       |       |       |     3 ||     3
 Abil: Fly               |       |       |       |       |     1 |       |       |       |     1 ||     2
       Stop Flying       |       |       |       |       |       |       |       |       |     1 ||     1
Evoke: Wand              |       |       |       |       |     5 |     8 |     6 |     8 |     3 ||    30
       Lightning rod     |       |       |       |       |       |     2 |     4 |       |       ||     6
       Lamp of fire      |       |       |       |       |       |       |     2 |     1 |     1 ||     4
  Use: Scroll            |       |       |     8 |    10 |    18 |     5 |     2 |    19 |    11 ||    73
       Potion            |       |       |       |     1 |     5 |     1 |     1 |     3 |    10 ||    21
  Eat: Chunk             |     1 |     5 |    10 |    26 |    36 |    33 |    25 |     8 |    27 ||   171
       Ration            |       |       |       |       |     2 |       |       |     4 |     1 ||     7
Armor: Leather armour    |    56 |       |       |       |       |       |       |       |       ||    56
       Ring mail         |    37 |    71 |   183 |       |       |       |       |       |       ||   291
       Swamp dragon scal |       |       |     2 |   297 |    32 |       |       |       |       ||   331
       Scale mail        |       |       |       |       |   372 |   466 |   243 |    45 |       ||  1126
       Plate armour      |       |       |       |       |       |       |       |   331 |   273 ||   604
Dodge: Dodged            |   139 |   110 |   227 |   367 |   617 |   772 |   425 |   272 |   267 ||  3196
Block: Buckler           |       |       |       |   130 |   254 |       |       |       |       ||   384
       Shield            |       |       |       |       |   127 |  1034 |   671 |   425 |       ||  2257
       Reflection        |       |       |       |       |       |    64 |    97 |    36 |   120 ||   317
       Large shield      |       |       |       |       |       |       |       |   377 |  1553 ||  1930
